 Dungeon Crawl Stone Soup version 0.22-a0-455-ga0624bf (webtiles) character file.

133 xccam the Changer (level 4, -3/35 HPs)
             Began as a Draconian Transmuter on June 5, 2018.
             Splashed by Ijyb's acid (16 damage)
             ... on level 3 of the Dungeon.
             The game lasted 00:04:30 (2206 turns).

xccam the Changer (Draconian Transmuter)            Turns: 2206, Time: 00:04:31

Health: -3/35      AC:  5    Str: 15    XL:     4   Next: 93%
Magic:  4/8        EV: 12    Int: 14    God:
Gold:   118        SH:  0    Dex: 11    Spells: 5/8 levels left

rFire    . . .     SeeInvis .     - Unarmed
rCold    . . .     Gourm    .   (no shield)
rNeg     . . .     Faith    .   (armour unavailable)
rPois    .         Spirit   .   (helmet restricted)
rElec    .         Reflect  .   (no cloak)
rCorr    .         Harm     .   (no gloves)
MR       .....                  (no boots)
Stlth    +.........             (no amulet)
HPRegen  0.11/turn              d - +2 ring of strength
MPRegen  0.11/turn              (no ring)

@: very slightly contaminated
A: unfitting armour, cold-blooded, AC +5
a: no special abilities


You were on level 3 of the Dungeon.
You were not hungry.

You visited 1 branch of the dungeon, and saw 3 of its levels.

You collected 118 gold pieces.

Inventory:

Missiles
 a - 5 arrows
Jewellery
 d - a +2 ring of strength (left hand)
Scrolls
 e - 2 scrolls of magic mapping {unknown}
 g - 2 scrolls of teleportation {unknown}
 i - a scroll of noise {unknown}
 j - 2 scrolls of remove curse {unknown}
 k - 2 scrolls of identify {unknown}
 l - a scroll of amnesia {unknown}
Potions
 b - a potion of heal wounds {unknown}
 f - a potion of brilliance {unknown}
 h - a potion of curing {unknown}
Comestibles
 c - 8 rations
 m - 2 chunks of flesh


   Skills:
 - Level 1.1 Fighting
 - Level 1.7 Dodging
 + Level 3.8 Unarmed Combat
 + Level 2.9 Spellcasting
 * Level 3.9 Transmutations


You had 5 spell levels left.
You knew the following spells:

 Your Spells              Type           Power        Failure   Level  Hunger
a - Beastly Appendage     Tmut           ##....       4%          1    #......
b - Sticks to Snakes      Tmut           ##......     7%          2    ##.....

Your spell library contained the following spells:

 Spells                   Type           Power        Failure   Level  Hunger
 Spider Form              Tmut/Pois      #.........   28%         3    ###....
 Blade Hands              Tmut           ##........   77%         5    ######.
 Ice Form                 Ice/Tmut       #.......     67%         4    #####..


Dungeon Overview and Level Annotations

Branches:
Dungeon (3/15)

Altars:
Gozag

Annotations:
D:3 Ijyb


Innate Abilities, Weirdness & Mutations

Your plain brown scales are hard. (AC +5)
You cannot fit into any form of body armour.
You are cold-blooded and may be slowed by cold attacks.


Message History

You barely miss the frilled lizard. The frilled lizard misses you.
Your ball python misses the frilled lizard.
Your ball python barely misses the frilled lizard.
You miss the frilled lizard.
The frilled lizard bites you but does no damage.
Your ball python closely misses the frilled lizard.
Your ball python grabs the frilled lizard.
Your ball python constricts the frilled lizard.
You hit the frilled lizard.
You kill the frilled lizard!
You hit Ijyb but do no damage.
Your ball python misses Ijyb.
Your ball python grabs Ijyb.
Your ball python constricts Ijyb.
Ijyb screams, "No!
No, no, no, no!"
Ijyb hits you with a club.
You hit Ijyb but do no damage.
Ijyb is lightly wounded.
Your ball python bites Ijyb.
Your ball python constricts Ijyb.
Ijyb zaps a wand.
The bolt of acid hits you!
You are splashed with acid!
The acid burns!
You die...

....†#############...##.#######..
.....# #...##.# #.. .....#
######+## #.. .....# #........
#.. .....####### #....r... ###
...........#######........
...........'....##........
####.......####.##...(....
#.......# #S@#bl....$. #.......#
##g#..(..... #########
#.†....g... ##.....>.$.
#.......!. ##.####+## #<# #.# #..


You could see Ijyb and a friendly ball python.

Vanquished Creatures
  2 adders (D:2)
  3 oozes
  A worm (D:2)
  3 dart slugs
  8 bats
  4 giant cockroaches
  10 goblins
  9 hobgoblins
  11 jackals
  7 kobolds
  2 quokkas (D:2)
  A ball python (D:1)
  6 frilled lizards
  4 rats
71 creatures vanquished.

Vanquished Creatures (collateral kills)
  Robin (D:2)
  An adder (D:2)
  A goblin (D:2)
  A hobgoblin (D:2)
4 creatures vanquished.

Grand Total: 75 creatures vanquished

Notes
Turn   | Place    | Note
-------+----------+-------------------------------------------
     0 | D:1      | xccam the Draconian Transmuter began the quest for the Orb.
     0 | D:1      | Reached XP level 1. HP: 16/16 MP: 3/3
   106 | D:1      | Reached XP level 2. HP: 17/23 MP: 5/5
   225 | D:1      | Reached XP level 3. HP: 5/28 MP: 6/6
   831 | D:2      | Learned a level 2 spell: Sticks to Snakes
  1306 | D:2      | Reached XP level 4. HP: 31/35 MP: 7/7
  1317 | D:2      | Found an opulent altar of Gozag.
  1475 | D:2      | Noticed Robin
  1538 | D:2      | Killed Robin
  2193 | D:3      | Noticed Ijyb
  2206 | D:3      | Splashed by Ijyb's acid

Vault maps used:
D:1:      lightli_arrival_statue_moat
D:2:      nicolae_overflow_hidden_temple, uniq_robin
D:3:      uniq_sigmund, uniq_ijyb

Skill      XL: |  1  2  3 |
---------------+----------+-----
Transmutations | 3 |  3.9
Fighting       | |  1.1
Dodging        | |  1.7
Unarmed Combat | |  3.8
Spellcasting   | |  2.9

Action                   |  1- 3 |  4- 6 || total
-------------------------+-------+-------++-------
Melee: Unarmed           |   153 |   116 ||   269
       Tailslap          |    16 |    12 ||    28
       Punch             |       |     1 ||     1
 Cast: Sticks to Snakes  |       |     7 ||     7
       Beastly Appendage |       |     2 ||     2
  Use: Potion            |     2 |       ||     2
 Stab: Sleeping          |     1 |     1 ||     2
  Eat: Chunk             |     1 |     4 ||     5
Armor: Skin              |    62 |    44 ||   106
Dodge: Dodged            |   106 |    84 ||   190

Table legend:
 A = Spawn XP
 B = Non-spawn XP
 C = Spawn XP percentage of total XP
 D = Spawn monster count
 E = Non-spawn monster count
 F = Spawn count percentage of total count
 G = Total turns spent on level
                    A         B        C        D         E        F      G
               +---------+---------+-------+---------+---------+-------+---------
         Total |       0 |     190 |   0.0 |       0 |      75 |   0.0 |  2206
               +---------+---------+-------+---------+---------+-------+---------
           D:1 |       0 |      60 |   0.0 |       0 |      28 |   0.0 |   821
           D:2 |       0 |     108 |   0.0 |       0 |      37 |   0.0 |  1202
           D:3 |       0 |      22 |   0.0 |       0 |      10 |   0.0 |   183
               +---------+---------+-------+---------+---------+-------+---------
